AoeStats
← djrocalito

Arena

510315121Analyzed
1v1 RM · 1d ago on Sep 30, 2026· 43m 21s· 2 players
Game mode
Random Map
Map size
Tiny (2 player)
Population
200
Speed
Normal
Resources
Standard
Victory
Conquest
Starting age
Dark Age
Ending age
Imperial Age
RankedLock teamsTeams togetherTeam positionsShared explorationLock speedFull tech treeHidden civsTurbo modeCheats
Victory
Defeat
🇮🇹 Franks · Italy
746
+17
🇪🇸 Khitans · Spain
770
-17
VictorMain
11:24 Feudal Age
13:27 Double-Bit Axe
16:14 Castle Age
18:28 Bow Saw
18:31 Loom
19:23 Wheelbarrow
18:52 Town Watch
21:19 Hand Cart
25:45 Forging
26:44 Town Patrol
27:58 Iron Casting
28:06 Iron Casting
27:54 Gold Mining
31:06 Imperial Age
31:14 Stone Mining
32:04 Gold Shaft Mining
31:48 Husbandry
31:26 Cavalier
33:30 Chemistry
32:53 Ballistics
32:47 Paladin
36:44 Chemistry
36:52 Blast Furnace
36:00 Scale Barding Armor
36:11 Elite Skirmisher
38:16 Conscription
djrocalito
9:06 Feudal Age
11:21 Domestication
16:36 Castle Age
15:47 Double-Bit Axe
16:02 Stone Mining
18:11 Wheelbarrow
18:18 Pastoralism
23:07 Gold Mining
25:40 Forging
27:18 Lamellar Armor
27:17 Scale Mail Armor
27:52 Iron Casting
28:28 Bow Saw
31:21 Chain Mail Armor
30:56 Fletching
31:08 Padded Archer Armor
33:50 Imperial Age
32:20 Ballistics
32:15 Masonry
32:27 Hand Cart
33:02 Town Watch
34:06 Bodkin Arrow
34:26 Leather Archer Armor
35:14 Transhumance
37:50 Elite Liao Dao
42:31 Plate Mail Armor
Connection lost

Rejoining the realm…

Still unreachable

The connection could not be restored.

Session expired

The server has moved on; the page needs a fresh start.